Unix NetHack Version 3.7.0-65 Work-in-progress - last build Sep 26 2022 05:48:34 (a9070be95fe145525c880ceec589f5104d392f49,branch:master). Game began 2022-10-02 20:08:33, ended 2022-10-02 20:14:35. Gandelf, neutral male human Monk ----- --- ---- |... . ..| |...- -.- ------.|# .... +.+ |)=).|.|# |...| |.| |!)@@|.-## |...| |.| |%m!d-.|## |...|----------.-------+-------.|##### |...|...|.......%.{.............|# # |...|...|._..|........%.-)-----.|# # |...|...|....|..........|..|..|.| # ---------- -.............{.........|..|..|.| # |........| |...--+--+----..........-----|-.| ####-........| |...............................| |....<...| -...-----|--|----....----|--....| |........| |...|..|..|..|..-....-..|..|....| |........| ....+..|..|..|..|....|..|..|....| ---------- --------------------------------- Gandelf the Novice St:16 Dx:15 Co:8 In:10 Wi:16 Ch:10 Neutral S:1141 Dlvl:6 $:51 HP:0(35) Pw:19(24) AC:-2 Xp:5/210 T:873 Latest messages: A - 9 blessed darts. x - 4 uncursed daggers. G - an uncursed pair of iron shoes. C - a blessed dwarvish cloak. H - an uncursed dwarvish cloak. z - an uncursed dwarvish cloak. k - 2 uncursed sprigs of wolfsbane. p - 2 uncursed tripe rations. m - 3 uncursed lichen corpses. o - an uncursed scroll labeled VE FORBRYDERNE. l - a blessed swirly potion. w - an uncursed white potion. F - a blessed candle. t - a cursed partly used candle (lit). B - an uncursed green gem. n - an uncursed orange gem. q - a cursed red gem. u - an uncursed white gem. r - an uncursed yellowish brown gem. Moving the altar would be a very bad idea. In what direction? l The door resists! In what direction? l The door resists! In what direction? l The door closes. You hear a door open. The door opens. The door opens. The door opens. The door resists! The door opens. The door opens. The door opens. "Hello, Gandelf! Welcome to Akalapi's general store!" You see here a steel wand (for sale, 267 zorkmids). Wait! That's a giant mimic! The giant mimic hits! The giant mimic hits! The air around you begins to shimmer with a golden haze. You hit the giant mimic! You hit the giant mimic! You hit the giant mimic! You hit the giant mimic! The jackal bites! The giant mimic hits! The giant mimic hits! You die... Akalapi gratefully inherits all your possessions. Do you want to see what you had when you died? [ynq] (y) q Inventory: Coins $ - 51 gold pieces Weapons E - a blessed +2 arrow s - 12 +0 arrows v - a +0 bow A - 9 blessed +1 darts x - 4 +0 daggers Armor a - an uncursed +2 pair of leather gloves (being worn) y - a blessed +1 pair of iron shoes (being worn) G - an uncursed +0 pair of iron shoes C - a blessed +0 dwarvish cloak z - an uncursed +0 dwarvish cloak H - an uncursed +0 dwarvish cloak b - an uncursed +1 robe (being worn) Comestibles g - 8 uncursed apples f - 2 uncursed food rations i - 4 uncursed fortune cookies h - 6 uncursed oranges k - 2 uncursed sprigs of wolfsbane p - 2 uncursed tripe rations m - 3 uncursed lichen corpses Scrolls d - an uncursed scroll of destroy armor o - an uncursed scroll of identify Spellbooks c - a blessed spellbook of protection Potions w - an uncursed potion of paralysis l - a blessed potion of sleeping e - 3 uncursed potions of water Tools j - an uncursed oil lamp F - a blessed wax candle t - a cursed partly used wax candle (lit) Gems/Stones B - an uncursed aquamarine stone u - an uncursed diamond n - an uncursed worthless piece of orange glass q - a cursed worthless piece of red glass r - an uncursed worthless piece of yellowish brown glass Gandelf the Monk's attributes: Background: You were a Novice, a level 5 male human Monk. You were neutral, on a mission for Chih Sung-tzu who was opposed by Shan Lai Ching (lawful) and Huan Ti (chaotic). You were in the Gnomish Mines, on level 6. You entered the dungeon 873 turns ago. You had 210 experience points, 110 more were needed to attain level 6. Your score was 1141 before end-of-game adjustments. Basics: You had 0 out of 35 hit points. You had 19 out of 24 energy points (spell power). Your armor class was -2. Your wallet contained 51 zorkmids. Autopickup was off. Final Characteristics: Your strength was 16 (limit:18/100). Your dexterity was 15 (limit:18). Your constitution was 8 (limit:18). Your intelligence was 10 (limit:18). Your wisdom was 16 (limit:18). Your charisma was 10 (limit:18). Final Status: You were held by a giant mimic (southwest). You were not hungry. You were unencumbered. You were empty handed. You had basic skill with martial arts. Final Attributes: You were devoutly aligned. You were sleep resistant. You were poison resistant. You saw invisible. You were stealthy. You had a small defense bonus (+3). You were guarded. You were fast. You are dead. Miscellaneous: You never encountered a bones level. Total elapsed playing time was 6 minutes and 2 seconds. Major events: Turn 1: Gandelf the neutral male human Monk entered the dungeon 596: attained the rank of Novice (level 3) 611: entered the Gnomish Mines 780: reached Mine Town 873: killed by a giant mimic Vanquished creatures: a shrieker 3 gnome leaders a gnomish wizard 3 dwarves 13 gnomes a gnome zombie a gecko 2 jackals 2 goblins a grid bug 3 lichens a newt 32 creatures vanquished. No species were genocided or became extinct. Voluntary challenges: You followed a strict vegan diet. You never hit with a wielded weapon. You were illiterate. You never engraved Elbereth. You never genocided any monsters. You never polymorphed an object. You never changed form. You used no wishes. Achievements: You attained the rank of Novice. You entered the Gnomish Mines. You entered Minetown. You entered a temple. You entered a shop. The Dungeons of Doom: levels 1 to 3 Level 1: A fountain. Level 2: A fountain. Level 3: Stairs down to The Gnomish Mines. The Gnomish Mines: levels 4 to 6 Level 4: Level 5: Level 6: <- You were here. A general store, a temple, some fountains. Final resting place for you, killed by a giant mimic. Game over: ---------- / \ / REST \ / IN \ / PEACE \ / \ | Gandelf | | 0 Au | | killed by a | | giant mimic | | | | | | 2022 | *| * * * | * _________)/\\_//(\/(/\)/\//\/|_)_______ Goodbye Gandelf the Monk... You died in The Gnomish Mines on dungeon level 6 with 1090 points, and 0 pieces of gold, after 873 moves. You were level 5 with a maximum of 35 hit points when you died.